 Dungeon Crawl Stone Soup version 0.31-a0-1278-g11c5b68f87 (webtiles) character file.

Game seed: 213432364597136072

392781 drugrobin the Spry (level 21, -1/183 (189) HPs)
             Began as a Demigod Delver on Dec 18, 2023.
             Slain by an ancient champion
             ... wielding a +3 great mace of freezing
              (3 damage)
             ... on level 1 of the Crypt on Dec 19, 2023.
             The game lasted 05:18:01 (64860 turns).

drugrobin the Spry (Demigod Delver)                Turns: 64860, Time: 05:18:02

HP:   -1/183 (189)  AC: 14    Str: 18    XL:     21   Next: 19%
MP:   34/44         EV: 32    Int: 35    God:
Gold: 2719          SH:  6    Dex: 27    Spells: 2/47 levels left

rFire   + . .        a - +8 Vampire's Tooth {megavamp}
rCold   + . .        u - +0 buckler
rNeg    . . .        X - +1 toga "Victory" {*Victory Int+1 Slay+1 Clar}
rPois   +            E - +0 helmet {SInv}
rElec   +            R - +0 cloak {Stlth+}
rCorr   .            J - +1 pair of gloves of the Disturbing People {rC+ Regen+ Slay+2}
SInv    +            i - +2 pair of boots {rampage}
Will    +++++        t - amulet "Aceleec" {+Inv rPois Will+ Regen+}
Stlth   ++++++       e - ring of Summer {rF+ Will++ Str+3 Int+6}
HPRegen 2.10/turn    Y - ring "Tophuem" {rElec AC+4 Str+2}
MPRegen 0.29/turn

%: clarity, rampage
@: studying Ranged Weapons, lightly drained
A: high MP 1, forlorn, divine attributes
}: 2/15 runes: serpentine, barnacled
a: Evoke Invisibility


You were on level 1 of the Crypt.
You visited 8 branches of the dungeon, and saw 38 of its levels.
You visited 1 bazaar.
You also visited: Bailey and Ice Cave.

You collected 6114 gold pieces.
You spent 3395 gold pieces at shops.

Inventory:

Hand Weapons
 a - the +8 Vampire's Tooth (weapon) {megavamp}
   (You took it off a deep elf high priest on level 3 of the Elven Halls)
 b - the +5 scimitar "Omir" {freeze, +Blink rN+ rCorr}
   (You bought it in a shop on level 6 of the Dungeon)

   rN+:       It protects you from negative energy.
   +Blink:    It lets you blink.
   rCorr:     It protects you from acid and corrosion.
 c - the +4 dagger of Calculation {venom, rF+}
   (You found it on level 3 of the Elven Halls)

   rF+:       It protects you from fire.
 d - the +8 dagger of Doom {freeze, rN++ Will+ Str-3}
   (You found it on level 5 of the Lair of Beasts)

   Str-3:     It affects your strength (-3).
   rN++:      It greatly protects you from negative energy.
   Will+:     It increases your willpower.
 q - the +7 falchion of the Lettuce {heavy, *Corrode rElec Int+6}
   (You bought it in a shop on level 2 of the Orcish Mines)

   Int+6:     It affects your intelligence (+6).
   rElec:     It insulates you from electricity.
   *Corrode:  It may corrode you when you take damage.
Missiles
 A - 5 throwing nets
 P - 14 curare-tipped darts
Armour
 i - a +2 pair of boots of rampaging (worn)
 u - a +0 buckler (worn)
 E - a +0 helmet of see invisible (worn)
 J - the +1 pair of gloves of the Disturbing People (worn) {rC+ Regen+ Slay+2}
   (You bought it in a shop on level 2 of the Snake Pit)

   Slay+2:    It affects your accuracy & damage with ranged weapons and melee
   (+2).
   rC+:       It protects you from cold.
   Regen+:    It increases your rate of health regeneration.
 R - a +0 cloak of stealth (worn)
 U - a scarf of resistance
 X - the +1 toga "Victory" (worn) {*Victory Int+1 Slay+1 Clar}
   (You found it on level 3 of the Elven Halls)

   *Victory:  When the wearer kills a threatening monster, it has a chance to
   gain +1 AC, +1 Slay, and +1 Int, capping at +7.
   When the wearer uses a scroll or a potion with a hostile monster in sight,
   its bonuses reset to +0.
   Unequipping it also resets its bonuses to +0.
   Int+1:     It affects your intelligence (+1).
   Slay+1:    It affects your accuracy & damage with ranged weapons and melee
   (+1).
   Clar:      It protects you from confusion, rage, mesmerisation and fear.
Jewellery
 e - the ring of Summer (left hand) {rF+ Will++ Str+3 Int+6}
   (You found it on level 2 of the Vaults)

   [ring of intelligence]

   Str+3:     It affects your strength (+3).
   Int+6:     It affects your intelligence (+6).
   rF+:       It protects you from fire.
   Will++:    It greatly increases your willpower.
 k - an amulet of magic regeneration
 o - a ring of wizardry
 t - the amulet "Aceleec" (around neck) {+Inv rPois Will+ Regen+}
   (You bought it in a shop on level 2 of the Orcish Mines)

   [amulet of regeneration]

   rPois:     It protects you from poison Will+: It increases your willpower.
   +Inv:      It lets you turn invisible.
   Regen+:    It increases your rate of health regeneration.
 w - a ring of protection from cold
 y - a ring of protection from fire
 O - a ring of flight
 Y - the ring "Tophuem" (right hand) {rElec AC+4 Str+2}
   (You found it on level 2 of the Vaults)

   [ring of protection]

   AC+4:      It affects your AC (+4).
   Str+2:     It affects your strength (+2).
   rElec:     It insulates you from electricity.
Wands
 g - a wand of digging (2)
 p - a wand of flame (56)
 s - a wand of mindburst (5)
 F - a wand of roots (35)
 T - a wand of polymorph (5)
 W - a wand of quicksilver (15)
 Z - a wand of charming (28)
Scrolls
 h - 6 scrolls of vulnerability
 j - 5 scrolls of immolation
 m - 6 scrolls of blinking
 x - a scroll of enchant armour
 B - a scroll of brand weapon
 C - 12 scrolls of fog
 D - 23 scrolls of teleportation
 H - a scroll of poison
 L - 6 scrolls of butterflies
 Q - 12 scrolls of fear
 V - 3 scrolls of revelation
Potions
 f - 6 potions of haste
 l - 3 potions of resistance
 n - 6 potions of lignification
 r - 12 potions of curing
 z - 5 potions of ambrosia
 G - 7 potions of heal wounds
 I - 3 potions of invisibility
 K - 3 potions of might
 S - 4 potions of cancellation
Miscellaneous
 N - a sack of spiders


   Skills:
 + Level 16.5 Fighting
 - Level 14.0 Short Blades
 + Level 19.5 Dodging
 - Level 8.0 Stealth
 + Level 13.7 Spellcasting
 + Level 9.2 Conjurations
 + Level 16.5 Air Magic
 - Level 8.0 Evocations


You had 2 spell levels left.
You knew the following spells:

 Your Spells              Type           Power      Damage    Failure   Level
a - Mephitic Cloud        Conj/Pois/Air  71%        N/A       1%          3
b - Swiftness             Air            96%        N/A       0%          3
c - Airstrike             Air            48%        2d(7-23)  1%          4
d - Conjure Ball Lightni  Conj/Air       42%        3x3d15    1%          6
e - Freezing Cloud        Conj/Ice/Air   35%        6-21      1%          5
f - Summon Lightning Spi  Summ/Air       69%        N/A       1%          4
g - Shock                 Conj/Air       100%       1d9       0%          1
h - Summon Ice Beast      Ice/Summ       24%        N/A       22%         4
i - Iskenderun's Battles  Conj           73%        2d12      1%          5
q - Fulminant Prism       Conj/Hex       27%        3d14      3%          4
r - Plasma Beam           Fire/Air       34%        2x1d47    12%         6

Your spell library contained the following spells:

 Spells                   Type           Power      Damage    Failure   Level
 Cigotuvi's Dreadful Rot  Necr/Pois/Air  100%       N/A       1%          2
 Poisonous Vapours        Pois/Air       100%       N/A       1%          2
 Apportation              Tloc           48%        N/A       2%          1
 Necrotise                Necr           96%        1d8       2%          1
 Slow                     Hex            96%        N/A       2%          1
 Sting                    Tmut/Pois      96%        1d7       2%          1
 Summon Small Mammal      Summ           96%        N/A       2%          1
 Lesser Beckoning         Tloc           48%        N/A       3%          2
 Hailstorm                Conj/Ice       54%        3d11      1%          3
 Silence                  Hex/Air        34%        N/A       1%          5
 Brom's Barrelling Bould  Conj/Erth      54%        2d7       3%          4
 Iskenderun's Mystic Bla  Conj/Tloc      54%        2d12      3%          4
 Confusing Touch          Hex            24%        N/A       7%          3
 Frozen Ramparts          Ice            48%        1d8       7%          3
 Gell's Gravitas          Tloc           24%        N/A       7%          3
 Ignite Poison            Fire/Tmut/Pois 24%        N/A       7%          3
 Sigil of Binding         Hex            24%        N/A       7%          3
 Summon Guardian Golem    Hex/Summ       24%        N/A       7%          3
 Teleport Other           Tloc           24%        N/A       7%          3
 Vampiric Draining        Necr           24%        2d7       7%          3
 Volatile Blastmotes      Fire/Tloc      48%        2d14      7%          3
 Fireball                 Conj/Fire      27%        3d12      10%         5
 Animate Armour           Summ/Erth      48%        N/A       22%         4
 Dispel Undead            Necr           24%        3d12      22%         4
 Leda's Liquefaction      Tmut/Erth      12%        N/A       22%         4
 Manifold Assault         Tloc           24%        N/A       22%         4
 Olgreb's Toxic Radiance  Pois           24%        N/A       22%         4
 Passage of Golubria      Tloc           24%        N/A       22%         4
 Petrify                  Tmut/Erth      24%        N/A       22%         4
 Orb of Destruction       Conj           36%        9d11      38%         7
 Agony                    Necr           24%        N/A       52%         5
 Borgnjor's Vile Clutch   Necr/Erth      12%        N/A       52%         5
 Lee's Rapid Deconstruct  Erth           12%        3d8*      52%         5
 Metabolic Englaciation   Hex/Ice        12%        N/A       52%         5
 Summon Forest            Summ/Tloc      12%        N/A       52%         5
 Spellforged Servitor     Conj/Summ      27%        N/A       96%         7
 Death Channel            Necr           12%        N/A       98%         6
 Dispersal                Tloc           12%        N/A       98%         6
 Eringya's Noxious Bog    Tmut/Pois      12%        4d6       98%         6
 Simulacrum               Ice/Necr       12%        N/A       98%         6
 Summon Hydra             Summ           12%        N/A       100%        7
 Discord                  Hex            12%        N/A       100%        8
 Disjunction              Tloc           12%        N/A       100%        8
 Ignition                 Fire           12%        3d6       100%        8
 Lehudib's Crystal Spear  Conj/Erth      27%        10d7      100%        8
 Chain Lightning          Conj/Air       42%        3d56      100%        9
 Death's Door             Necr           12%        N/A       100%        9
 Fire Storm               Conj/Fire      27%        8d7       100%        9


Dungeon Overview and Level Annotations

Branches:
Dungeon (15/15)            Temple (0/1) D:7            Lair (5/5) D:11
 Shoals (4/4) Lair:3        Snake (4/4) Lair:3        Slime (0/5) Lair:4
    Orc (2/2) D:11            Elf (3/3) Orc:2        Vaults (4/5) D:13
  Crypt (1/3) Vaults:2     Depths (0/4) D:15         Bailey (visited)
  IceCv (visited)

Shops:
D:4 (   D:5 *   D:6 ((?:*   Orc:2 ?([*=   Elf:3 =   Snake:1 *   Snake:2 [=[(
Vaults:2 :   Vaults:3 *

Annotations:
D:15 exclusion: obsidian statue
Lair:4 Rupert
Lair:5 exclusion: obsidian statue
Snake:1 exclusion: downstairs
Snake:3 3 runed translucent doors, exclusion: 3 doors
Elf:2 3 runed translucent doors


Innate Abilities, Weirdness & Mutations

You have an increased reservoir of magic. (+10% MP)
You shall have no god before yourself.
Your divine heritage dramatically boosts your attributes as you level up.


Message History

Unknown command.
Unknown command.
Unknown command.
Your ice beast closely misses the ancient champion.
Your magical contamination has completely faded away.
Unknown command.
Unknown command.
Unknown command.
The ancient champion attacks as it pursues you!
You block the ancient champion's attack.
Unknown command.
Unknown command.
Unknown command.
The ancient champion attacks as it pursues you!
You block the ancient champion's attack.
The ancient champion completely misses you.
Unknown command.
Unknown command.
Unknown command.
You puncture the ancient champion!
You hit the ancient champion but do no damage.
The ancient champion is heavily damaged.
You block the ancient champion's attack.
Your ice beast closely misses the ancient champion.
Unknown command.
Unknown command.
The ancient champion attacks as it pursues you!
The ancient champion hits you with a +3 great mace of freezing!!
* * * LOW HITPOINT WARNING * * *
The ancient champion freezes you.
* * * LOW HITPOINT WARNING * * *
Unknown command.
Unknown command.
Unknown command.
You hit the ancient champion but do no damage. x2
The ancient champion is heavily damaged.
The ancient champion hits you with a +3 great mace of freezing!!
* * * LOW HITPOINT WARNING * * *
The ancient champion freezes you.
You die...

###....
.......................
#...#.. .............)..)..W..
#...#.#
##.###.######[..V.#####
#...#.####...##.# #.....#####
###.#...##...##.## #.....##...
#z....##.......### #.#####....
#.....#..........###.^ #..).
#...###....Yz..*...... ##....
#.#.##....###@........ #....^
#....z............... #...##
#.......[............ #.<.##
#.....##......############...#
#.....##......#####....#.....#
#.....#######.................
#.#.### #.##...(...#...###
#.#.# #.##...######### #.#.
#.##...#


You could see an ancient champion (fast, ally target), a friendly ice beast
(summoned) and a friendly battlesphere.

Vanquished Creatures
  Bai Suzhen (Vaults:2)
  Margery (Vaults:2)
  Nikola (Snake:2)
  Jorgrun (D:15)
  Mlioglotl (Lair:3)
  Zenata (Vaults:3)
  3 deep elf master archers
  A titan (Vaults:2)
  A kraken (Shoals:4)
  A sphinx (Vaults:4)
  A searing wretch (Vaults:2)
  3 deep elf blademasters (Elf:3)
  An ancient champion (Crypt:1)
  Agnes (D:15)
  Kirke (Lair:3)
  12 nagarajas
  Donald (Snake:2)
  A revenant (Vaults:1)
  2 deep elf elementalists (Elf:3)
  Louise (Shoals:1)
  11 vault wardens
  3 deep elf sorcerers
  A curse skull (Crypt:1)
  20 ironbound preservers
  5 ghouls (Crypt:1)
  A war gargoyle (Vaults:2)
  3 orc warlords
  2 stone giants (Vaults:2)
  6 deep elf death magi
  2 vampire knights (Crypt:1)
  7 ironbound thunderhulks
  7 dire elephants
  2 formless jellyfish (Vaults:2)
  8 deep elf annihilators
  4 deep elf demonologists (Elf:3)
  4 merfolk javelineers
  2 crystal guardians (Vaults:1)
  6 ettins
  2 jiangshi (Crypt:1)
  3 entropy weavers
  7 yaktaur captains
  A fire dragon (Lair:1)
  Josephine (Shoals:1)
  4 deep elf high priests (Elf:3)
  7 merfolk impalers
  12 vault guards
  2 salamander tyrants (Snake:4)
  3 peacekeepers
  4 great orbs of eyes
  2 ogre magi
  10 anacondas
  9 hydras
  2 alligators (Lair:2)
  19 centaur warriors
  4 merfolk avatars
  21 two-headed ogres
  Erica (Lair:2)
  8 ironbound frosthearts
  A catoblepas (D:13)
  8 merfolk aquamancers
  3 satyrs
  3 death knights (Crypt:1)
  9 boulder beetles
  11 naga warriors
  3 deep troll earth magi (Vaults:2)
  12 dancing weapons
  10 naga sharpshooters
  3 death yaks
  4 orc high priests (Orc:2)
  2 vampire magi (Crypt:1)
  3 shock serpents
  A sun demon (D:15)
  4 hell knights
  2 soul eaters
  Nergalle (Lair:2)
  A spectral anaconda (Lair:5)
  7 skysharks
  4 salamander mystics
  11 deep elf knights
  Amaemon (Lair:1)
  2 spectral death yaks (Lair:5)
  A sixfirhy (D:15)
  12 skeletal warriors
  A bog body (Crypt:1)
  A flayed ghost (Crypt:1)
  30 deep trolls
  14 sea snakes
  11 naga ritualists
  3 phantasmal warriors (Crypt:1)
  12 ironbound convokers
  6 arcanists
  14 lindwurms
  11 harpies
  19 deep elf pyromancers
  22 deep elf zephyrmancers
  9 orc knights
  9 deep elf archers
  6 necromancers
  12 mana vipers
  6 orc sorcerers
  9 salamanders
  8 fauns
  A frost giant zombie (Vaults:2)
  12 cyclopes
  The ghost of ShellytheWitch the Sneak, a novice KoBr of Dithmenos (D:6)
  A dire elephant zombie (Lair:5)
  11 ugly things
  35 elephants
  17 manticores
  4 merfolk sirens
  2 smoke demons (D:15)
  2 kobold blastminers (Orc:2)
  A rust devil (D:15)
  11 vault sentinels
  4 guardian serpents (Snake:4)
  38 black mambas
  Joseph (D:9)
  3 torpor snails
  14 cane toads
  5 gargoyles
  2 ice statues (IceCv)
  13 naga magi
  11 water nymphs
  4 unseen horrors
  A purple draconian zombie (Crypt:1)
  3 rime drakes
  2 human zombies (Vaults:2)
  3 orange demons
  A kobold demonologist (D:13)
  9 komodo dragons
  3 freezing wraiths (Crypt:1)
  An unseen horror zombie (Crypt:1)
  21 yaktaurs
  3 anaconda simulacra (IceCv)
  6 ice devils
  3 hellwings (D:15)
  3 polar bears
  A queen bee (D:9)
  3 trolls
  2 red devils (D:15)
  30 merfolk
  8 wind drakes
  A wolf spider simulacrum (D:14)
  5 blink frogs (Lair:4)
  A hornet (Lair:2)
  A harpy skeleton (Crypt:1)
  A deep troll zombie (Vaults:2)
  14 dream sheep
  A spectral elephant (Lair:5)
  9 snapping turtles
  Sigmund (D:4)
  16 slime creatures
  3 spriggans
  2 air elementals (Elf:2)
  2 shadows
  A black mamba zombie (Crypt:1)
  A human simulacrum (Vaults:2)
  A culicivora (Vaults:2)
  A wyvern (shapeshifter) (D:11)
  A centaur simulacrum (D:14)
  An ettin skeleton (Vaults:2)
  6 wraiths
  10 wyverns
  64 yaks
  4 vampires
  2 hogs (Lair:3)
  2 dire elephant simulacra (IceCv)
  10 water elementals
  A basilisk (shapeshifter) (D:14)
  4 fire elementals
  4 humans (D:13)
  2 death yak simulacra (Lair:5)
  3 basilisks
  A golden eye (D:12)
  3 steam dragons
  15 vampire mosquitoes
  3 redbacks
  An elf skeleton (Vaults:2)
  4 spectral cane toads (Lair:5)
  A harpy simulacrum (IceCv)
  4 acid dragons
  21 nagas
  Duvessa (D:4)
  4 hydra simulacra (IceCv)
  14 water moccasins
  29 orc warriors
  A swamp drake (D:11)
  2 ice beasts
  2 black bears (Lair:3)
  3 sky beasts
  17 ogres
  17 centaurs
  21 wolves
  A manticore skeleton (Crypt:1)
  A phantom (D:5)
  2 elephant skeletons (Lair:5)
  A salamander zombie (Crypt:1)
  8 kobold brigands
  6 nameless horrors
  5 necrophages (Lair:2)
  12 bullfrogs
  2 cane toad simulacra
  A human skeleton (Vaults:2)
  6 scorpions
  5 earth elementals
  7 wights
  An elephant simulacrum (Lair:5)
  22 killer bees
  6 electric eels (D:6)
  3 howler monkeys (D:8)
  4 quasits (D:6)
  3 jellies (Lair:4)
  6 hounds
  A basilisk zombie (Crypt:1)
  A gnoll bouda (D:8)
  4 orc priests
  5 iguanas
  3 sleepcaps
  2 hell rats (Lair:2)
  18 orc wizards
  A wolf simulacrum (IceCv)
  A naga skeleton (Crypt:1)
  2 naga simulacra (IceCv)
  4 gnolls (D:8)
  9 adders
  A shadow imp (D:5)
  A white imp (D:6)
  4 ufetubi
  3 worms
  A dart slug (D:4)
  60 orcs
  8 bats
  12 endoplasms
  8 giant cockroaches
  8 goblins
  10 hobgoblins
  7 jackals (D:2)
  2 quokkas
  7 ball pythons
  8 frilled lizards
  22 kobolds
  5 rats
  3 tentacles (Shoals:4)
1532 creatures vanquished.

Vanquished Creatures (collateral kills)
  2 nagarajas (Snake:4)
  2 vault wardens (Vaults:1)
  A deep elf sorcerer (Elf:3)
  A frost giant (D:13)
  An ironbound preserver (Vaults:2)
  2 dire elephants (Vaults:2)
  A merfolk impaler (Shoals:2)
  A great orb of eyes (Vaults:4)
  A salamander tyrant (Snake:3)
  A death knight (Crypt:1)
  2 anacondas
  A merfolk aquamancer (Shoals:1)
  2 ironbound frosthearts
  2 naga warriors
  A two-headed ogre (D:15)
  A deep elf knight (Elf:2)
  A hell knight (D:14)
  A skyshark (Shoals:3)
  A salamander mystic (Snake:3)
  4 deep trolls
  3 deep elf archers
  2 deep elf zephyrmancers (Elf:2)
  An ironbound convoker (Vaults:2)
  An orc knight (Vaults:1)
  2 deep elf pyromancers (Elf:2)
  A salamander (Snake:4)
  A cyclops (Shoals:1)
  A faun (Shoals:3)
  An ugly thing (Vaults:4)
  4 black mambas
  A rust devil (D:15)
  2 merfolk sirens
  A vault sentinel (Vaults:2)
  2 naga magi
  A komodo dragon (Snake:2)
  An ice devil (D:15)
  A yaktaur (Vaults:1)
  A wind drake (Shoals:2)
  3 merfolk
  2 nameless horrors
  5 dream sheep
  3 wraiths (Shoals:1)
  2 nagas
  2 centaurs (D:14)
  3 ball lightnings
76 creatures vanquished.

Vanquished Creatures (others)
  A fire giant (D:15)
  A vault guard (D:13)
  A deep elf knight (Elf:3)
  A deep elf zephyrmancer (Elf:2)
  A chaos spawn (D:15)
  2 orcs (Orc:2)
  45 ball lightnings
  8 fulminant prisms
  3 starspawn tentacles (Snake:1)
  14 tentacles (Shoals:4)
77 creatures vanquished.

Grand Total: 1685 creatures vanquished

Notes
Turn   | Place    | Note
-------+----------+-------------------------------------------
     0 | D:5      | drugrobin the Demigod Delver began the quest for the Orb.
     0 | D:5      | Reached XP level 1. HP: 18/18 MP: 3/3
     5 | D:5      | Noticed an ice beast
    12 | D:4      | Found Juyro's Antique Weapon Boutique.
    37 | D:4      | Noticed Sigmund
    82 | D:3      | Reached XP level 2. HP: 19/25 MP: 4/4
   391 | D:1      | Reached XP level 3. HP: 26/30 MP: 5/5
  1214 | D:2      | Reached skill level 5 in Stealth
  1293 | D:2      | Reached XP level 4. HP: 32/37 MP: 6/6
  2547 | D:4      | Noticed an ogre
  2558 | D:4      | Noticed an ogre
  2894 | D:4      | Identified the +2 robe of Biaf {+Inv rF+ rCorr}
  2947 | D:4      | Noticed Duvessa
  3118 | D:5      | Reached skill level 1 in Evocations
  3118 | D:5      | Reached XP level 5. HP: 38/42 MP: 7/7
  3143 | D:5      | Noticed an ogre
  3207 | D:5      | Killed an ice beast
  3283 | D:5      | Reached XP level 6. HP: 43/50 MP: 8/8
  3352 | D:5      | Reached skill level 5 in Short Blades
  3626 | D:5      | Found Azoelays's Elemental Accessories.
  3861 | D:5      | Reached XP level 7. HP: 46/56 MP: 9/9
  4268 | D:5      | Identified a scroll of acquirement
  4363 | D:6      | Found Omin's General Store.
  4366 | D:6      | Bought a potion of brilliance for 48 gold pieces
  4523 | D:6      | Found a transporter.
  4524 | D:6      | Noticed ShellytheWitch's ghost (novice KoBr)
  4548 | D:6      | Found Camehua's Magic Scroll Shop.
  4551 | D:6      | Bought a scroll of butterflies for 56 gold pieces
  4551 | D:6      | Bought a scroll of identify for 28 gold pieces
  4551 | D:6      | Bought a scroll of identify for 28 gold pieces
  4551 | D:6      | Bought a scroll of identify for 28 gold pieces
  4551 | D:6      | Bought a scroll of identify for 28 gold pieces
  4722 | D:6      | Found Idykloebi's Antique Weapon Shoppe.
  4752 | D:6      | Identified the +2 war axe of the Twenty Spirits {drain, rC-
                  | Int+4 Dex+2}
  4763 | D:6      | Reached XP level 8. HP: 62/62 MP: 10/10
  4902 | D:6      | Noticed a two-headed ogre
  4913 | D:6      | Killed a two-headed ogre
  5076 | D:6      | Found Bumatig's Antique Weapon Shop.
  5320 | D:6      | Found a transporter.
  5410 | D:6      | Found Ekkify's Book Shoppe.
  5856 | D:7      | Reached skill level 2 in Dodging
  5998 | D:7      | Reached skill level 10 in Short Blades
  6075 | D:7      | Found a staircase to the Ecumenical Temple.
  6198 | D:7      | Identified the +0 robe of Generosity {rF+ Dex-5 SInv}
  6491 | D:7      | Reached skill level 3 in Dodging
  6491 | D:7      | Reached XP level 9. HP: 69/70 MP: 11/11
  6902 | D:8      | Found a flagged portal.
  6945 | Bailey   | Entered a bailey
  6975 | Bailey   | Reached skill level 4 in Dodging
  7293 | Bailey   | Reached skill level 5 in Fighting
  7373 | Bailey   | Reached skill level 5 in Dodging
  7693 | D:8      | Noticed a two-headed ogre
  8202 | D:6      | Reached skill level 6 in Dodging
  8214 | D:6      | Bought a slimy dagger for 161 gold pieces
  8214 | D:6      | Identified the +2 dagger of the Assorted Demons {drain,
                  | *Rage rCorr Dex+5 SInv} (You bought it in a shop on level 6
                  | of the Dungeon)
  8218 | D:6      | Bought a brightly glowing scimitar for 207 gold pieces
  8218 | D:6      | Identified the +5 scimitar "Omir" {freeze, +Blink rN+
                  | rCorr} (You bought it in a shop on level 6 of the Dungeon)
  8221 | D:6      | Bought a runed short sword for 138 gold pieces
  8306 | D:6      | Reached XP level 10. HP: 81/83 MP: 13/13
  8346 | D:6      | Killed ShellytheWitch's ghost
  8440 | D:4      | Killed Sigmund
  8628 | D:4      | Noticed Dowan
  8631 | D:4      | Dowan changed into Dowan the bat
  8631 | D:4      | Noticed Dowan
  8650 | D:4      | Killed Dowan the bat
  8657 | D:4      | Killed Duvessa
  8906 | D:6      | Reached skill level 5 in Evocations
  9539 | D:8      | Killed a two-headed ogre
  9654 | D:8      | Reached skill level 7 in Dodging
 10338 | D:9      | Noticed Joseph
 10385 | D:9      | Killed Joseph
 10773 | D:9      | Reached XP level 11. HP: 94/94 MP: 14/14
 11056 | D:9      | Acquired 1160 gold pieces
 11059 | D:10     | Entered Level 10 of the Dungeon
 11082 | D:10     | Noticed a two-headed ogre
 11093 | D:10     | Killed a two-headed ogre
 11094 | D:10     | Reached skill level 8 in Dodging
 11172 | D:10     | Noticed a two-headed ogre
 11178 | D:10     | Killed a two-headed ogre
 12206 | D:11     | Noticed a boulder beetle
 12221 | D:11     | Killed a boulder beetle
 12383 | D:11     | Found a staircase to the Lair.
 12477 | D:11     | Found a frozen archway.
 12486 | IceCv    | Entered an ice cave
 13379 | IceCv    | Reached skill level 9 in Dodging
 13657 | IceCv    | Noticed a reaper
 13739 | D:11     | Noticed a centaur warrior
 13752 | D:11     | Killed a centaur warrior
 13832 | D:11     | Noticed a boulder beetle
 13940 | D:10     | Killed a boulder beetle
 13941 | D:10     | Reached XP level 12. HP: 104/105 MP: 15/15
 13989 | D:11     | Noticed a boulder beetle
 13997 | D:11     | Killed a boulder beetle
 14401 | D:11     | Noticed a boulder beetle
 14486 | D:11     | Killed a boulder beetle
 14487 | D:11     | Reached skill level 10 in Fighting
 14617 | D:11     | Reached skill level 10 in Dodging
 15275 | D:11     | Found a staircase to the Orcish Mines.
 15444 | Lair:1   | Entered Level 1 of the Lair of Beasts
 15803 | Lair:1   | Reached skill level 1 in Spellcasting
 16060 | Lair:1   | Reached skill level 11 in Dodging
 16137 | Lair:1   | Noticed Amaemon
 16200 | Lair:1   | Killed Amaemon
 16506 | Lair:1   | Noticed a fire dragon
 16523 | Lair:1   | Killed a fire dragon
 16535 | Lair:1   | Found the sphere of Battle
 16556 | Lair:1   | Got the Elucidation of Breath
 16648 | Lair:1   | Learned a level 3 spell: Mephitic Cloud
 16652 | Lair:1   | Learned a level 3 spell: Swiftness
 17067 | Lair:2   | Reached XP level 13. HP: 78/115 MP: 22/22
 17218 | Lair:2   | Noticed Nergalle
 17266 | Lair:2   | Reached skill level 1 in Air Magic
 17362 | Lair:2   | Noticed a dire elephant
 17506 | Lair:2   | Noticed Erica
 17514 | Lair:2   | Killed Erica
 17569 | Lair:2   | Identified the ring of Darkness {Ice *Slow Int+4 Dex+2}
 17774 | Lair:2   | Killed Nergalle
 17994 | Lair:2   | Killed a dire elephant
 18237 | Lair:2   | Noticed Urug
 18238 | Lair:2   | Urug changed into Urug the cyclops
 18238 | Lair:2   | Noticed Urug
 18327 | Lair:2   | Killed Urug the cyclops
 18328 | Lair:2   | Reached skill level 12 in Dodging
 18395 | Lair:2   | Reached skill level 5 in Spellcasting
 19274 | Lair:3   | Noticed Kirke
 19347 | Lair:3   | Learned a level 4 spell: Airstrike
 19408 | Lair:3   | Killed Kirke
 19765 | Lair:3   | Found a staircase to the Snake Pit.
 20134 | Lair:3   | Reached skill level 5 in Air Magic
 20453 | Lair:4   | Noticed a dire elephant
 20507 | Lair:3   | Killed a dire elephant
 20815 | Lair:4   | Reached XP level 14. HP: 124/124 MP: 28/28
 20972 | Lair:4   | Noticed Rupert
 21028 | Lair:5   | Entered Level 5 of the Lair of Beasts
 21056 | Lair:4   | Reached skill level 13 in Dodging
 22324 | Orc:1    | Entered Level 1 of the Orcish Mines
 22444 | Orc:2    | Entered Level 2 of the Orcish Mines
 22693 | Orc:2    | Found Owocaec's Antique Weapon Shop.
 22816 | Orc:2    | Bought a crude falchion for 256 gold pieces
 22816 | Orc:2    | Identified the +7 falchion of the Lettuce {heavy, *Corrode
                  | rElec Int+6} (You bought it in a shop on level 2 of the
                  | Orcish Mines)
 22924 | Orc:2    | Found a staircase to the Elven Halls.
 22962 | Orc:2    | Found Nioloemm's Antique Armour Emporium.
 22973 | Orc:2    | Bought a glowing cloak for 210 gold pieces
 23044 | Orc:2    | Bought an encrusted robe for 159 gold pieces
 23044 | Orc:2    | Identified the +0 robe of Fysuon {Stlth+} (You bought it in
                  | a shop on level 2 of the Orcish Mines)
 23044 | Orc:2    | Bought an embroidered scarf for 224 gold pieces
 23055 | Orc:2    | Paralysed by an orc sorcerer for 2 turns
 23485 | Orc:2    | Found Ciec's Magic Scroll Boutique.
 23567 | Orc:2    | Noticed an orc warlord
 24000 | Orc:2    | Found Bulumeruib's General Store.
 24024 | Orc:2    | an orc warlord changed into a dream sheep
 24334 | Orc:2    | Found Ehihuod's Jewellery Boutique.
 24342 | Orc:2    | Bought the amulet "Aceleec" {+Inv rPois Will+ Regen+} for
                  | 753 gold pieces
 24514 | Orc:2    | Bought a scroll of teleportation for 39 gold pieces
 24514 | Orc:2    | Bought a scroll of teleportation for 39 gold pieces
 24995 | D:12     | Learned a level 4 spell: Summon Ice Beast
 25092 | D:12     | Reached skill level 14 in Dodging
 25186 | D:12     | Noticed Sonja
 25191 | D:12     | Learned a level 5 spell: Freezing Cloud
 25322 | D:12     | Identified the +2 robe of Absence {rPois Int-4 Dex+5
                  | Slay+2}
 25473 | D:12     | Reached XP level 15. HP: 134/134 MP: 31/31
 26150 | D:13     | Identified the amulet of Wois {Spirit +Inv Regen+ Int+2}
 26424 | D:13     | Identified the +4 glaive of the Caustic God {flame, +Blink
                  | Str+3}
 27458 | D:12     | Sonja changed into Sonja the golden eye
 27458 | D:12     | Noticed Sonja
 27472 | D:12     | Killed Sonja the golden eye
 27670 | D:13     | Found a gate to the Vaults.
 27675 | D:13     | Identified the +9 great sword of a volcano {venom, Dex+4}
 27872 | D:14     | Found a flickering gateway to a bazaar.
 27881 | Bazaar   | Entered a bazaar
 27889 | Bazaar   | Found Tyikhaz's Book Shop.
 27902 | Bazaar   | Found Ukul's Book Shop.
 27936 | Bazaar   | Bought a book of Iron for 256 gold pieces
 27941 | Bazaar   | Learned a level 4 spell: Summon Lightning Spire
 28547 | D:14     | Got the Secrets of the Grave
 28791 | D:15     | Entered Level 15 of the Dungeon
 29350 | D:14     | Reached skill level 15 in Dodging
 29971 | D:15     | Noticed Jorgrun
 29976 | D:15     | Found a staircase to the Depths.
 29976 | D:15     | Noticed a fire giant
 30144 | D:15     | Noticed Agnes
 30146 | D:15     | Killed Agnes
 30190 | D:15     | Killed Jorgrun
 30360 | D:15     | Killed a fire giant
 30577 | D:15     | Reached skill level 10 in Air Magic
 31298 | Lair:1   | Learned a level 1 spell: Shock
 31429 | Lair:4   | Found a staircase to the Slime Pits.
 31803 | Lair:4   | Reached skill level 10 in Spellcasting
 31803 | Lair:4   | Reached XP level 16. HP: 141/141 MP: 35/35
 33018 | Lair:5   | Identified the +8 dagger of Doom {freeze, rN++ Will+ Str-3}
 33233 | Lair:5   | Identified the +8 plate armour of the Arcadian God {rC+
                  | MP+9 Str+3}
 33324 | Snake:1  | Entered Level 1 of the Snake Pit
 33609 | Snake:1  | Reached skill level 1 in Conjurations
 33950 | Snake:1  | Reached skill level 16 in Dodging
 34378 | Snake:1  | Found Voahibb's Mass Market.
 34860 | Snake:2  | Found Pugrobin's Armour Shoppe.
 34864 | Snake:2  | Bought the +1 pair of gloves of the Disturbing People {rC+
                  | Regen+ Slay+2} for 638 gold pieces
 34971 | Snake:2  | Found Toezi's Antique Weapon Boutique.
 35197 | Snake:2  | Noticed Mlioglotl
 35250 | Snake:2  | Noticed Donald
 35273 | Snake:2  | Killed Donald
 35291 | Snake:1  | Noticed an ancient lich
 35384 | Shoals:1 | Entered Level 1 of the Shoals
 35591 | Shoals:1 | Identified the +1 dire flail of Eseking {vamp, rPois rC-
                  | Dex+7 Stlth-}
 35938 | Shoals:1 | Noticed Josephine
 36141 | Shoals:1 | Killed Josephine
 36327 | Shoals:1 | Noticed Louise
 36666 | Snake:1  | Noticed a tentacled starspawn
 36666 | Snake:1  | Noticed a bone dragon
 36954 | Shoals:1 | Killed Louise
 38125 | Shoals:2 | Reached skill level 5 in Conjurations
 38133 | Shoals:2 | Reached XP level 17. HP: 144/149 MP: 34/36
 39733 | Shoals:3 | Reached skill level 17 in Dodging
 39892 | Shoals:3 | Identified the +0 robe of Tomorrow {Fly rF+ Dex-4}
 40142 | Shoals:4 | Entered Level 4 of the Shoals
 41387 | Shoals:4 | Identified the +5 orcbow of the Dove {antimagic, ^Drain
                  | rElec rC- Dex+6}
 41818 | Lair:3   | Killed Mlioglotl
 41986 | Snake:2  | Found Iwnauq's Jewellery Boutique.
 41991 | Snake:2  | Found Tywux's Armour Shoppe.
 42161 | Snake:2  | Noticed Nikola
 42169 | Snake:2  | Killed Nikola
 42705 | Snake:3  | Identified the +1 morningstar of Recuro Utooh {freeze,
                  | rElec rF+ rCorr Str+3 Int+4}
 43206 | Snake:3  | Found a runed translucent gate.
 43206 | Snake:3  | Found a runed translucent gate.
 43206 | Snake:3  | Found a runed translucent gate.
 43390 | Snake:3  | Identified the +3 leather armour "Sige Zah" {rElec rPois
                  | rN+ Str+2 Int-2}
 43522 | Snake:3  | Learned a level 6 spell: Conjure Ball Lightning
 44284 | Snake:4  | Entered Level 4 of the Snake Pit
 44745 | Snake:4  | Reached XP level 18. HP: 138/157 MP: 24/37
 44843 | Snake:4  | Reached skill level 18 in Dodging
 46139 | Snake:4  | Got a serpentine rune of Zot
 46228 | Snake:4  | Identified the +1 short sword of Punishment {speed,
                  | ^Fragile rPois rC++ Dex-5}
 46850 | Elf:1    | Entered Level 1 of the Elven Halls
 47540 | Elf:1    | Found a huge runed translucent gate.
 47540 | Elf:1    | Found a huge runed translucent gate.
 47541 | Elf:1    | Found a huge runed translucent gate.
 47543 | Elf:1    | Found a huge runed translucent gate.
 47543 | Elf:1    | Found a huge runed translucent gate.
 47543 | Elf:1    | Found a huge runed translucent gate.
 47543 | Elf:1    | Found a huge runed translucent gate.
 47543 | Elf:1    | Found a huge runed translucent gate.
 47543 | Elf:1    | Found a huge runed translucent gate.
 47543 | Elf:1    | Found a huge runed translucent gate.
 47543 | Elf:1    | Found a huge runed translucent gate.
 47544 | Elf:1    | Found a huge runed translucent gate.
 47544 | Elf:1    | Found a huge runed translucent gate.
 47544 | Elf:1    | Found a huge runed translucent gate.
 47544 | Elf:1    | Found a huge runed translucent gate.
 47544 | Elf:1    | Found a huge runed translucent gate.
 47544 | Elf:1    | Found a huge runed translucent gate.
 47545 | Elf:1    | Found a huge runed translucent gate.
 47545 | Elf:1    | Found a huge runed translucent gate.
 47545 | Elf:1    | Found a huge runed translucent gate.
 48194 | Elf:2    | Paralysed by an air elemental for 1 turns
 49111 | Elf:2    | Learned a level 4 spell: Fulminant Prism
 49218 | Elf:2    | Found a runed translucent gate.
 49221 | Elf:2    | Found a runed translucent gate.
 49221 | Elf:2    | Found a runed translucent gate.
 49599 | Elf:3    | Entered Level 3 of the Elven Halls
 50668 | Elf:3    | Reached XP level 19. HP: 165/165 MP: 39/39
 50873 | Elf:3    | Found Reatumuuff's Jewellery Shop.
 50984 | Elf:3    | Reached skill level 15 in Air Magic
 51219 | Elf:3    | Noticed a Brimstone Fiend
 51729 | Elf:3    | Identified the +7 hand axe "Isomy" {flame, ^Fragile Int+4}
 52126 | Elf:3    | Identified the +7 leather armour of Tatzax Luygi {rC+
                  | Slay+2}
 52237 | Elf:3    | Found the +0 toga "Victory" {*Victory Clar}
 52240 | Elf:3    | Identified the +3 shortbow of Nonoics {heavy, +Blink Dex+2}
 52243 | Elf:3    | Identified the +4 dagger of Calculation {venom, rF+}
 52256 | Elf:3    | Learned a level 5 spell: Iskenderun's Battlesphere
 52276 | Elf:3    | Identified the +3 orcbow of the Forest {drain, rF+ rN+}
 52301 | Elf:3    | Got the Quarto of Tropical Guile
 52306 | Elf:3    | Identified the +1 short sword of Vanity {spect, Int+2
                  | Dex+4}
 52764 | Vaults:1 | Entered Level 1 of the Vaults
 52979 | Vaults:1 | Reached skill level 19 in Dodging
 54169 | Vaults:1 | Identified the serpent talisman of the Mind {Dex+3}
 55304 | Vaults:2 | Noticed Bai Suzhen
 55728 | Vaults:2 | Found Axiwaet's Book Shop.
 56489 | Vaults:2 | Identified the +1 broad axe "Besoedi" {drain, Str+5}
 56629 | Vaults:2 | Reached skill level 15 in Fighting
 56779 | Vaults:2 | Found a transporter.
 56821 | Vaults:2 | Found a transporter.
 56952 | Vaults:2 | You fall into a shaft and drop 1 floor!
 57034 | Vaults:3 | Found Niergh Icloot's Assorted Antiques.
 57045 | Vaults:3 | Bought a scroll of teleportation for 99 gold pieces
 57172 | Vaults:3 | Noticed Zenata
 57316 | Vaults:3 | Reached XP level 20. HP: 178/178 MP: 41/41
 57872 | Vaults:2 | Killed Bai Suzhen
 58019 | Vaults:2 | Noticed Margery
 58032 | Vaults:2 | Killed Margery
 59218 | Vaults:2 | Found a staircase to the Crypt.
 59711 | Vaults:3 | Killed Zenata
 62458 | Shoals:4 | Got a barnacled rune of Zot
 63392 | Vaults:2 | Identified the ring "Tophuem" {rElec AC+4 Str+2}
 63411 | Vaults:2 | Identified the ring of Summer {rF+ Will++ Str+3 Int+6}
 63423 | Vaults:2 | Learned a level 6 spell: Plasma Beam
 63500 | Crypt:1  | Entered Level 1 of the Crypt
 63551 | Crypt:1  | Reached XP level 21. HP: 186/188 MP: 44/44
 64128 | Crypt:1  | HP: 6/189 [skeletal warrior/+0 scimitar[an ancient
                  | champion] (11)]
 64860 | Crypt:1  | HP: 2/183 [ancient champion/+3 great mace of freezing (18)]
 64860 | Crypt:1  | Slain by an ancient champion

Illustrated notes

Levels and vault maps discovered:
D:1:      amcnicky_arrival_single_pillar, layout_basic, kennysheep_boxes
D:2:      layout_loops_ring, minmay_pentomino_w4
D:3:      layout_rooms, mainiacjoe_overflow_tiny_flanked,
          nicolae_overflow_crystal_walls, mainiacjoe_overflow_swirl,
          serial_glass, glass_columns_c, glass_columns_b, glass_columns_a,
          glass_columns_a, glass_columns_c, glass_columns_a, chequers_garden
D:4:      layout_cave_pools, lemuel_round_altar,
          nicolae_ru_the_path_less_chosen, mainiacjoe_overflow_brackets,
          serial_shops, nicolae_shop_waterfront, nicolae_tricolors,
          uniq_duvessa, uniq_sigmund
D:5:      layout_cave_pools, nicolae_elemental_shop
D:6:      cheibrodos_two_vegetables, layout_loops_ring,
          mainiacjoe_overflow_surrounded_room, gammafunk_ghost_stat_death,
          serial_shops, shop, shop, shop, nicolae_shop_stone, shop_statue,
          kennysheep_cluttered_room, st_stairs_10, corexii_shack
D:7:      layout_loops_ring, minmay_temple_entry_stoned_glass
D:8:      layout_basic, enter_bailey_4
D:9:      layout_loops_ring, mainiacjoe_overflow_concentric_impassable,
          minivault_7, uniq_joseph
D:10:     layout_irregular_city, amcnicky_altar_gilded, minmay_lizard_king
D:11:     minmay_polygon_palace, layout_basic, erik_lair_orcish_takeover,
          erik_orc_1, portal_ice_cave_entry_pillars_2, lemuel_flamethrower_1
D:12:     minmay_ornate_pinched, layout_irregular_city,
          nicolae_concentric_dashed_squares_wild, nicolae_ashenzari_skybound,
          uniq_sonja
D:13:     cheibrodos_monumental, layout_loops_corners, ximxim_vaults_locker_room
D:14:     layout_gridville, serial_shops, bzr_in_the_mist, nrook_mini_vaults,
          dk_noncrumbling_4, st_stairs_10, minmay_misc_feat_encased
D:15:     grunt_enter_depths_giant_problem, layout_rooms, patterned_corridor,
          grunt_guarded_unrand_obsidian_axe, uniq_jorgrun, uniq_agnes
Lair:1:   dragon1_lemuel, layout_small_grid, beast_lair_carwin_3,
          grunt_megastairs_1, uniq_amaemon
Lair:2:   layout_gridlike, basic_altar, roderic_carrion_pond,
          serial_bayou_pond_c, nicolae_lair_lakeside_cave, lemuel_fruit_tree,
          infiniplex_staircase_pool_2, uniq_urug, uniq_nergalle, uniq_erica
Lair:3:   layout_loops_ring, nicolae_shoals_entry_flooding,
          alex1729_snake_entry_snake, grunt_forest_stairs_clearing, uniq_kirke
Lair:4:   mu_elephants_graveyard, layout_long_grid,
          nicolae_slime_entry_field_trip, beast_lair_carwin_11, uniq_rupert
Lair:5:   due_jungle_book, layout_big_grid
Shoals:1: layout_shoals, uniq_louise, uniq_josephine
Shoals:2: layout_shoals, nicolae_shoals_seven_spires,
          nicolae_shoals_nautilus_by_nature, nicolae_shoals_lost_giant_pillars,
          nicolae_shoals_nymph_descending_staircase
Shoals:3: layout_shoals, nicolae_shoals_aquamancer_cove
Shoals:4: shoals_end_simple, layout_shoals
Snake:1:  layout_onion, statue_in_the_mist_lemuel, minmay_shop_mass,
          nicolae_snake_flat_spine, grunt_megastairs_3
Snake:2:  layout_misc_corridors, serial_shops, shop, nicolae_square_shop,
          nicolae_shop_gaudy_bauble, nicolae_square_shop, serial_bayou_shore_b,
          uniq_nikola, uniq_mlioglotl, uniq_donald
Snake:3:  layout_onion_interference, nicolae_snake_horde_hoard,
          grunt_megastairs_5
Snake:4:  grunt_snake_rune_spirals, layout_concentric_octagons
Orc:1:    layout_caves
Orc:2:    grunt_orc_gardens, layout_caves, grunt_orc_garden, grunt_orc_garden,
          grunt_orc_garden, grunt_orc_garden, serial_shops, shop_statue
Elf:1:    elf_arrival_001, layout_gridlike, hangedman_elf_represent
Elf:2:    nicolae_elf_blades_splatter_lattice [nicolae_blade_tridents],
          layout_loops_cross
Elf:3:    minmay_elf_hall_statues, layout_rooms, serial_shops,
          nicolae_shop_stone, dreamdust_mushroom_princess
Vaults:1: nicolae_vaults_big_angled_halls, nicolae_vaults_swerve, v_misc_10,
          vaults_dpeg_cross, ontoclasm_vaults_shuriken, v_misc_17,
          nicolae_vaults_closet_pinwheel_5, vaults_room_grid,
          nicolae_vaults_tetromino_L_2, vaults_room_octagon,
          vaults_room_door_ring, layout_vaults_ring
Vaults:2: gammafunk_dig_for_victory, v_misc_33, hangedman_vaults_snaps,
          ontoclasm_vaults_gateway, minmay_crypt_entry_simple_box,
          ontoclasm_vaults_fault, nicolae_vaults_closet_pinwheel_2,
          vaults_room_semicircle, nicolae_vaults_apartment_2, vaults_dpeg_ring,
          v_rooms_2, nicolae_vaults_specimen_jars, nicolae_vaults_double_plus_1,
          nicolae_vaults_closet_pinwheel_4, layout_vaults_omnicross,
          serial_shops, nicolae_shop_tiny_real_fake_doors, uniq_margery,
          uniq_bai_suzhen
Vaults:3: nicolae_vaults_tangram_2, hangedman_vaults_river_flow,
          nicolae_vaults_cochlea, nicolae_vaults_trapezoid_lopsided_1, v_misc_5,
          nicolae_vaults_double_plus_2, nicolae_vaults_storage_closets_2,
          layout_vaults_omnigrid, serial_shops, shop, uniq_zenata
Vaults:4: nicolae_vaults_offset_grid_hallway_4, v_misc_19,
          nicolae_vaults_network_star, nicolae_vaults_tetromino_Z_1,
          nicolae_vaults_house_1, nicolae_vaults_sesquioval_fish,
          ontoclasm_vaults_pinch, nicolae_vaults_storage_closets_3,
          dpeg_vaults_monster_box, layout_vaults_big_room
Crypt:1:  layout_misc_corridors

Skill      XL: |  1  2  3  4  5  6  7  8  9 10 11 12 13 14 15 16 17 18 19 20 21 |
---------------+----------------------------------------------------------------+-----
Short Blades   | 2 3 4 5 7 10 12 14 | 14.0
Stealth        | 5 7 8 |  8.0
Evocations     | 1 2 3 4 6 8 |  8.0
Dodging        | 3 6 7 9 11 12 14 15 16 17 18 19 | 19.5
Fighting       | 3 6 7 9 10 11 12 13 15 16 | 16.5
Spellcasting   | 3 6 8 10 11 12 13 | 13.7
Air Magic      | 5 8 10 12 13 14 15 16 | 16.5
Conjurations   | 5 7 8 9 |  9.2

Action                     |  1- 3 |  4- 6 |  7- 9 | 10-12 | 13-15 | 16-18 | 19-21 || total
---------------------------+-------+-------+-------+-------+-------+-------+-------++-------
  Melee: Short sword       |   174 |   207 |   222 |    19 |       |       |       ||   622
         Punch             |     2 |     2 |       |       |       |       |       ||     4
         Falchion          |       |    46 |   146 |    12 |       |    42 |    54 ||   300
         Long sword        |       |       |    20 |       |       |       |       ||    20
         Scimitar          |       |       |    14 |   462 |   420 |    39 |     8 ||   943
         Dagger            |       |       |       |   301 |  1807 |   864 |    68 ||  3040
         Unarmed           |       |       |       |     4 |       |       |       ||     4
         Rapier            |       |       |       |       |       |   500 |    71 ||   571
         Quick blade       |       |       |       |       |       |       |  1557 ||  1557
   Fire: Sling             |       |    32 |    16 |     6 |       |       |       ||    54
  Throw: Dart              |       |     4 |    29 |    26 |    43 |     9 |     5 ||   116
         Boomerang         |       |       |    25 |    93 |   118 |       |       ||   236
         Throwing net      |       |       |       |       |       |     3 |       ||     3
   Cast: Mephitic Cloud    |       |       |       |       |    21 |    15 |       ||    36
         Airstrike         |       |       |       |       |    10 |   491 |   209 ||   710
         Summon Lightning  |       |       |       |       |    15 |   113 |    60 ||   188
         Shock             |       |       |       |       |     5 |    38 |     3 ||    46
         Swiftness         |       |       |       |       |       |     2 |       ||     2
         Freezing Cloud    |       |       |       |       |       |    61 |    86 ||   147
         Conjure Ball Ligh |       |       |       |       |       |     4 |    14 ||    18
         Fulminant Prism   |       |       |       |       |       |     2 |     6 ||     8
         Iskenderun's Batt |       |       |       |       |       |       |    24 ||    24
         Summon Ice Beast  |       |       |       |       |       |       |     2 ||     2
         Plasma Beam       |       |       |       |       |       |       |    13 ||    13
Ability: Evoke Blink       |       |       |       |     1 |       |     1 |       ||     2
         Evoke Invisibilit |       |       |       |       |     1 |       |       ||     1
  Evoke: Wand              |       |     4 |     4 |    20 |    20 |     7 |     9 ||    64
         Sack of spiders   |       |       |       |       |       |     1 |     1 ||     2
    Use: Scroll            |       |       |    13 |    11 |     3 |     1 |     2 ||    30
         Potion            |       |       |       |     1 |       |       |     3 ||     4
   Stab: Sleeping          |    11 |     6 |     8 |    20 |    45 |    34 |    27 ||   151
         Distracted        |     1 |       |       |     5 |     8 |    30 |    24 ||    68
         Confused          |       |       |       |       |    25 |     7 |       ||    32
         Invisible         |       |       |       |       |     1 |       |       ||     1
         Held in net/web   |       |       |       |       |       |     4 |       ||     4
 Armour: Leather armour    |    79 |    59 |    58 |    31 |   272 |       |     3 ||   502
         Robe              |       |    51 |     4 |       |   223 |   363 |   317 ||   958
         Steam dragon scal |       |       |    71 |   162 |       |       |       ||   233
         Skin              |       |       |       |     1 |       |       |       ||     1
         Troll leather arm |       |       |       |       |     4 |       |       ||     4
  Dodge: Dodged            |    88 |   131 |   222 |   510 |  1689 |  1400 |   736 ||  4776
  Block: Buckler           |       |   100 |   214 |   224 |   587 |   468 |   191 ||  1784
         Reflection        |       |       |    10 |     3 |       |       |       ||    13

Table legend: (Time is in decaauts)
 A = Elapsed time spent in this place.
 B = Non-inter-level travel time spent in this place.
 C = Inter-level travel time spent in this place.
 D = Time resting spent in this place.
 E = Time spent auto-exploring this place.
 F = Levels seen in this place.
 G = Mean time per level.
                   A        B        C        D        E       F      G
               +--------+--------+--------+--------+--------+-----+--------+
         Total |  63428 |  58328 |   5100 |   8719 |  28080 |  41 | 1547.0 |
       Dungeon |  20423 |  18321 |   2102 |   2197 |   9018 |  15 | 1361.5 |
          Lair |   9447 |   8359 |   1088 |    761 |   3827 |   5 | 1889.4 |
        Shoals |   6237 |   5661 |    576 |    967 |   2831 |   4 | 1559.2 |
     Snake Pit |   6515 |   6307 |    208 |    796 |   3451 |   4 | 1628.8 |
  Orcish Mines |   2370 |   2056 |    314 |    343 |    716 |   2 | 1185.0 |
   Elven Halls |   5431 |   5072 |    359 |    841 |   2706 |   3 | 1810.3 |
        Vaults |   9788 |   9337 |    451 |   1823 |   4766 |   4 | 2447.0 |
         Crypt |   1246 |   1246 |      0 |    239 |    483 |   1 | 1246.0 |
        Bazaar |     73 |     73 |      0 |      0 |     39 |   1 |   73.0 |
        Bailey |    635 |    635 |      0 |    214 |     96 |   1 |  635.0 |
      Ice Cave |   1257 |   1257 |      0 |    535 |    146 |   1 | 1257.0 |
               +--------+--------+--------+--------+--------+-----+--------+

Top non-repeatable levels by time:
Vaults:2: 4052 daAuts
    D:11: 2605 daAuts
   Elf:3: 2309 daAuts
Vaults:1: 2292 daAuts
 Snake:4: 2193 daAuts
  Lair:3: 2156 daAuts
  Lair:5: 2109 daAuts
     D:6: 1999 daAuts
    D:15: 1963 daAuts
Vaults:3: 1961 daAuts
    D:13: 1957 daAuts
  Lair:2: 1846 daAuts
  Lair:1: 1844 daAuts
 Snake:3: 1804 daAuts
Shoals:1: 1768 daAuts
